 Dungeon Crawl Stone Soup version 0.29.1-12-g30fa7ad0bf (webtiles) character file.

Game seed: 7423094001233952450

463 mopl the Sneak (level 6, 0/45 HPs)
             Began as a Draconian Enchanter on Jan 5, 2023.
             Slain by an orc
             ... wielding a +0 club
              (5 damage)
             ... on level 4 of the Dungeon.
             The game lasted 00:04:40 (3467 turns).

mopl the Sneak (Draconian Enchanter)                Turns: 3467, Time: 00:04:40

Health: 0/45       AC:  6    Str: 10    XL:     6   Next: 79%
Magic:  10/10      EV: 12    Int: 17    God:
Gold:   134        SH:  0    Dex: 16    Spells: 3/11 levels left

rFire   . . .      SeeInvis .   b - +2 dagger of Courage {venom, rPois Dex+4 Stlth-}
rCold   . . .      Faith    .   (no shield)
rNeg    . . .      Spirit   .   (body armour unavailable)
rPois   +          Reflect  .   (helmet restricted)
rElec   .          Harm     .   (no cloak)
rCorr   .          Rampage  .   (no gloves)
Will    .....                   (no boots)
Stlth   ++........              (no amulet)
HPRegen 0.15/turn               (no ring)
MPRegen 0.12/turn               (no ring)

@: no status effects
A: AC +6, unfitting armour, cold-blooded
a: no special abilities


You were on level 4 of the Dungeon.
You visited 1 branch of the dungeon, and saw 4 of its levels.

You collected 134 gold pieces.

Inventory:

Hand Weapons
 a - a +1 dagger
 b - the +2 dagger of Courage (weapon) {venom, rPois Dex+4 Stlth-}
   (You took it off a kobold on level 3 of the Dungeon)

   It poisons the flesh of those it strikes.
   Dex:       It affects your dexterity (+4).
   rPois:     It protects you from poison.
   Stlth:     It makes you less stealthy.
Missiles
 e - 9 poisoned darts (quivered)
Wands
 j - a wand of light (9)
Scrolls
 i - a scroll of summoning {unknown}
 o - 2 scrolls of fear {unknown}
Potions
 c - 3 potions of attraction {unknown}
 d - 2 potions of brilliance
 f - a potion of mutation {!q}
 g - a potion of heal wounds
 h - a potion of curing
 k - 2 potions of invisibility
 l - a potion of berserk rage {!q}
 n - 3 potions of might {unknown}


   Skills:
 + Level 2.6 Short Blades
 - Level 1.7 Dodging
 * Level 4.6 Stealth
 + Level 3.1 Spellcasting
 * Level 4.4 Hexes
 + Level 2.1 Ice Magic


You had 3 spell levels left.
You knew the following spells:

 Your Spells              Type           Power      Damage    Failure   Level
b - Ensorcelled Hibernat  Hex/Ice        26%        N/A       7%          2
c - Confusing Touch       Hex            17%        N/A       9%          3
d - Tukima's Dance        Hex            17%        N/A       9%          3

Your spell library contained the following spells:

 Spells                   Type           Power      Damage    Failure   Level
 Slow                     Hex            68%        N/A       2%          1
 Necrotise                Necr           8%         1d4       17%         1
 Dazzling Flash           Conj/Hex       20%        N/A       21%         3
 Vampiric Draining        Necr           2%         2d6       45%         3
 Agony                    Necr           2%         N/A       99%         5


Dungeon Overview and Level Annotations

Branches:
Dungeon (4/15)
 Temple: D:4-7

Altars:
Gozag
Ru

Shops:
D:1 :


Innate Abilities, Weirdness & Mutations

Your plain brown scales are hard. (AC +6)
You cannot fit into any form of body armour.
You are cold-blooded and may be slowed by cold attacks.


Message History

An endoplasm comes into view.
Found an escape hatch in the ceiling.
The endoplasm freezes you.
You are frozen.
You feel yourself slow down.
There is an open door here.
You barely miss the endoplasm. The endoplasm freezes you.
You are frozen.
You barely miss the endoplasm.
You tail-slap the endoplasm, but do no damage.
The endoplasm hits you but does no damage.
The endoplasm closely misses you.
You hit the endoplasm.
You kill the endoplasm!
No target in view!
No target in view!
No target in view!
No target in view!
No target in view!
Found a leather armour.
You feel yourself speed up.
An orc comes into view. It is wielding a +0 club.
The orc shouts!
An orc is nearby!
An orc comes into view. It is wielding a +0 flail.
The orc moves out of view.
An orc priest comes into view. It is wielding a +0 dagger.
The orc closely misses you.
A quokka comes into view.
The orc shouts!
The orc priest shouts!
The orc priest calls down the wrath of Beogh upon you.
Beogh smites you! The orc attacks as you move away! The orc misses you.
The orc priest calls down the wrath of Beogh upon you.
Beogh smites you!
* * * LOW HITPOINT WARNING * * *
The orc attacks as you move away! The orc barely misses you.
The orc attacks as you move away! The orc barely misses you.
The orc attacks as you move away! The orc hits you with a +0 club.
You die...

.##...###.##....####........
.##...# #.##.##.# #........
'##...# #.##.##.# #..oo....
......# #.##.##+####...[....
......# #.##.#..............
......# #†##.#..............
...#'## #.##.#..............
'###.# #.)..#...o..........
.# #.# ######..@...........
.# #.# #...'......########
.# #.# #.###.<....# .#
#.#####.# #......# .#
#....<#.# ########
.#########.# ...........#
.########### ##


You could see an orc priest and 2 orcs.

Vanquished Creatures
  Sigmund (D:3)
  A phantom (D:4)
  A scorpion (D:4)
  A jelly (D:4)
  Jessica (D:3)
  3 adders
  A white imp (D:3)
  5 dart slugs
  3 ball pythons
  11 endoplasms
  5 giant cockroaches
  15 goblins
  7 hobgoblins
  A kobold (D:3)
  2 quokkas (D:2)
  3 bats
  3 frilled lizards
  2 rats
66 creatures vanquished.

Vanquished Creatures (collateral kills)
  Robin (D:3)
1 creature vanquished.

Grand Total: 67 creatures vanquished

Notes
Turn   | Place    | Note
-------+----------+-------------------------------------------
     0 | D:1      | mopl the Draconian Enchanter began the quest for the Orb.
     0 | D:1      | Reached XP level 1. HP: 14/14 MP: 3/3
   697 | D:1      | Reached XP level 2. HP: 20/20 MP: 5/5
   700 | D:1      | Learned a level 2 spell: Ensorcelled Hibernation
   705 | D:1      | Reached skill level 3 in Stealth
   738 | D:1      | Found Paonefast's Vocational Training.
   921 | D:1      | Reached skill level 3 in Hexes
  1396 | D:3      | Identified the +2 dagger of Courage {venom, rPois Dex+4
                  | Stlth-}
  1587 | D:2      | Reached XP level 3. HP: 22/26 MP: 6/6
  2126 | D:3      | Learned a level 3 spell: Confusing Touch
  2146 | D:3      | Noticed Jessica
  2158 | D:3      | Killed Jessica
  2159 | D:3      | Reached skill level 1 in Ice Magic
  2159 | D:3      | Reached XP level 4. HP: 28/33 MP: 7/7
  2220 | D:3      | Found a sacrificial altar of Ru.
  2222 | D:3      | Found an opulent altar of Gozag.
  2230 | D:3      | Noticed Sigmund
  2232 | D:3      | Noticed Robin
  2245 | D:3      | HP: 1/33 [hobgoblin[Robin] (5)]
  2690 | D:3      | Killed Sigmund
  2691 | D:3      | Reached skill level 2 in Short Blades
  2691 | D:3      | Reached skill level 4 in Stealth
  2691 | D:3      | Reached skill level 4 in Hexes
  2691 | D:3      | Reached XP level 5. HP: 38/38 MP: 5/9
  2691 | D:3      | Reached XP level 6. HP: 45/45 MP: 5/10
  2696 | D:3      | Learned a level 3 spell: Tukima's Dance
  2734 | D:3      | Killed Robin
  3255 | D:4      | Reached skill level 3 in Spellcasting
  3318 | D:4      | Reached skill level 2 in Ice Magic
  3467 | D:4      | Slain by an orc

Illustrated notes

Levels and vault maps discovered:
D:1:      lightli_arrival_lavapool, layout_basic, nicolae_shop_vocational
D:2:      layout_loops_ring
D:3:      layout_basic, nicolae_overflow_hidden_temple, uniq_robin,
          uniq_jessica, uniq_sigmund
D:4:      layout_basic

Skill      XL: |  1  2  3  4  5  6 |
---------------+-------------------+-----
Stealth        | 3 4 |  4.6
Hexes          | 3 4 |  4.4
Ice Magic      | 1 2 |  2.1
Short Blades   | 2 |  2.6
Spellcasting   | 3 |  3.1
Dodging        | |  1.7

Action                   |  1- 3 |  4- 6 || total
-------------------------+-------+-------++-------
Melee: Dagger            |   104 |    63 ||   167
       Tailslap          |    18 |     7 ||    25
       Punch             |     1 |     1 ||     2
 Cast: Ensorcelled Hiber |     2 |     5 ||     7
       Tukima's Dance    |       |     1 ||     1
       Confusing Touch   |       |     1 ||     1
Evoke: Wand              |       |     1 ||     1
  Use: Scroll            |       |     7 ||     7
 Stab: Sleeping          |     7 |     4 ||    11
       Confused          |       |     2 ||     2
Armor: Skin              |    29 |    16 ||    45
Dodge: Dodged            |    58 |    35 ||    93
